 Dungeon Crawl Stone Soup version 0.28.0-53-g5a82cb258f (webtiles) character file.

Game seed: 3778117077314765921

11063 sanboga the Grappler (level 11, -5/111 HPs)
             Began as a Troll Berserker on July 11, 2022.
             Was a High Priest of Trog.
             Slain by an unseen horror (7 damage)
             ... on level 11 of the Dungeon.
             The game lasted 00:15:16 (9197 turns).

sanboga the Grappler (Troll Berserker)              Turns: 9197, Time: 00:15:16

Health: -5/111     AC:  7    Str: 30 (31) XL:     11   Next: 44%
Magic:  10/10      EV: 11    Int:  6 (9)  God:    Trog [*****.]
Gold:   622        SH:  0    Dex:  6 (9)  Spells: 10/10 levels left

rFire   . . .      SeeInvis .     - Unarmed
rCold   + . .      Faith    .   (no shield)
rNeg    . . .      Spirit   .   c - +2 robe {rC+}
rPois   +          Reflect  .   (helmet restricted)
rElec   .          Harm     .   e - +0 cloak
rCorr   .          Rampage  .   (gloves unavailable)
Will    .....                   (boots unavailable)
Stlth   +.........              (no amulet)
HPRegen 1.08/turn               n - +6 ring of intelligence
MPRegen 0.12/turn               t - ring of poison resistance

@: on berserk cooldown, attractive, flying, studying Armour
A: large, unfitting armour, claws 3, regeneration 1, shaggy fur 1, tough skin 1
a: Renounce Religion, Berserk, Trog's Hand, Brothers in Arms


You were on level 11 of the Dungeon.
You worshipped Trog.
Trog was extremely pleased with you.
You visited 1 branch of the dungeon, and saw 13 of its levels.

You collected 759 gold pieces.
You spent 137 gold pieces at shops.

Inventory:

Hand Weapons
 a - the +7 Throatcutter {drain, coup de grace}
   (You took it off Terence on level 3 of the Dungeon)

   A truly terrible weapon, it drains the life of any living foe it strikes.
   It may instantly kill foes which have little health.
 j - a +5 battleaxe of freezing
Armour
 c - a +2 robe of cold resistance (worn)
 e - a +0 cloak (worn)
 C - a scarf of resistance
Jewellery
 m - a ring of ice
 n - a +6 ring of intelligence (left claw)
 t - a ring of poison resistance (right claw)
Wands
 d - a wand of mindburst (24)
 l - a wand of flame (27)
 o - a wand of acid (8)
 y - a wand of iceblast (6)
Scrolls
 h - 2 scrolls of silence
 i - 6 scrolls of teleportation
 p - a scroll of enchant armour
 v - a scroll of magic mapping
 A - a scroll of holy word
Potions
 b - a potion of lignification
 f - 2 potions of mutation
 g - a potion of resistance
 k - a potion of might
 q - a potion of haste
 r - a potion of invisibility
 u - a potion of ambrosia
 w - 2 potions of degeneration
 B - a potion of heal wounds {unknown}


   Skills:
 + Level 8.1 Fighting
 + Level 8.1 Dodging
 * Level 13.2 Unarmed Combat


You had 10 spell levels left.
You didn't know any spells.
Your spell library was empty.

Dungeon Overview and Level Annotations

Branches:
Dungeon (13/15)            Temple (0/1) D:6            Lair (0/6) D:9
    Orc (0/2) D:9
 Vaults: D:13-14

Altars:
Gozag
Hepliaklqana
Nemelex Xobeh
Ru
Uskayaw
Zin
The Shining One

Shops:
D:5 ?


Innate Abilities, Weirdness & Mutations

You are too large for most types of armour.
You have claws for hands.
Your natural rate of healing is unusually fast.
You are covered in fur. (AC +1)
You have tough skin. (AC +1)


Message History

* * * LOW HITPOINT WARNING * * *
You barely miss something. Something hits you but does no damage.
Something hits you but does no damage.
You see here a +0 giant club.
Something hits you but does no damage. Something hits you.
* * * LOW HITPOINT WARNING * * *
Something hits you but does no damage. Something hits you.
* * * LOW HITPOINT WARNING * * *
Something hits you.
* * * LOW HITPOINT WARNING * * *
Something hits you but does no damage. Something hits you but does no damage.
Something hits you but does no damage. Something hits you.
* * * LOW HITPOINT WARNING * * *
Something hits you but does no damage.
You mangle something!! Something hits you.
* * * LOW HITPOINT WARNING * * *
Something hits you.
* * * LOW HITPOINT WARNING * * *
You completely miss something. Something hits you.
* * * LOW HITPOINT WARNING * * *
Something hits you.
* * * LOW HITPOINT WARNING * * *
You see here a +0 giant club.
Something hits you but does no damage.
It was a potion of degeneration.
There was something very wrong with that liquid.
You feel weakened.
You feel dopey.
You feel clumsy. Something hits you.
* * * LOW HITPOINT WARNING * * *
It was a potion of flight.
You feel very buoyant.
You fly up into the air.
Something hits you.
* * * LOW HITPOINT WARNING * * *
It was a potion of attraction.
You feel attractive to monsters. Something hits you!
You die...

##..#.# #..# #... #.....#
#..# ###. ##..### #..# #.
##.## #..#####.
##...####........
##.........######. # #
##.......######.##.
#...#.##)........####...#.
......(')@.......+........
.#....##..{......####...#.
...## ##.......## ##.##. .
##.....## ####. ##...## #.
##+## #. .. .# .


There were no monsters in sight!

Vanquished Creatures
  Fannar (D:10)
  A two-headed ogre (D:11)
  Urug (D:10)
  A manticore (D:10)
  A cyclops (D:11)
  A kobold demonologist (D:11)
  A troll (D:11)
  A troll (shapeshifter) (D:13)
  4 slime creatures
  A wraith (D:9)
  3 yaks (D:11)
  Sigmund (D:5)
  A wyvern (D:7)
  Grum (D:10)
  Menkaure (D:5)
  3 vampire mosquitoes (D:11)
  A steam dragon (D:8)
  A water moccasin (D:8)
  A sky beast (D:5)
  An ice beast (D:6)
  3 orc warriors
  4 ogres
  2 necrophages
  6 centaurs
  2 wolves (D:10)
  A phantom (D:5)
  7 bullfrogs
  A gnoll sergeant (D:10)
  4 scorpions
  12 wights
  3 howler monkeys
  An electric eel (D:7)
  6 centaur zombies
  7 orc priests
  2 centaur skeletons
  A hound (D:5)
  4 iguanas
  Terence (D:3)
  A scorpion zombie (D:5)
  11 orc wizards
  A killer bee zombie (D:4)
  3 howler monkey zombies
  11 gnolls
  7 adders
  A shadow imp (D:7)
  4 white imps
  An ufetubus (D:6)
  An adder skeleton (D:4)
  2 worms
  2 dart slugs
  70 orcs
  11 ball pythons
  An endoplasm (D:2)
  2 giant cockroaches
  3 goblins
  8 hobgoblins
  5 jackals (D:4)
  4 kobolds
  5 quokkas
  3 bats
  A frilled lizard (D:3)
  3 rats
255 creatures vanquished.

Notes
Turn   | Place    | Note
-------+----------+-------------------------------------------
     0 | D:1      | sanboga the Troll Berserker began the quest for the Orb.
     0 | D:1      | Reached XP level 1. HP: 22/22 MP: 0/0
   201 | D:1      | Reached XP level 2. HP: 29/29 MP: 1/1
  1150 | D:2      | Reached XP level 3. HP: 36/36 MP: 2/2
  1365 | D:3      | Noticed Terence
  1371 | D:3      | Killed Terence
  1372 | D:3      | Reached skill level 4 in Unarmed Combat
  1489 | D:3      | Found a faded altar of an unknown god.
  1508 | D:3      | Reached XP level 4. HP: 34/44 MP: 3/3
  1595 | D:3      | Reached ** piety under Trog
  2061 | D:4      | Reached XP level 5. HP: 53/53 MP: 4/4
  2214 | D:4      | Noticed an ogre
  2240 | D:4      | Killed an ogre
  2241 | D:4      | Reached skill level 5 in Unarmed Combat
  2250 | D:4      | Reached XP level 6. HP: 50/61 MP: 5/5
  2258 | D:4      | HP: 1/61 [killer bee zombie (6)]
  2733 | D:5      | Entered Level 5 of the Dungeon
  2770 | D:5      | Noticed a sky beast
  2779 | D:5      | Killed a sky beast
  2780 | D:5      | Reached skill level 6 in Unarmed Combat
  2780 | D:5      | Reached XP level 7. HP: 68/68 MP: 6/6
  2785 | D:5      | Noticed Menkaure
  2790 | D:5      | Killed Menkaure
  2796 | D:5      | Reached skill level 7 in Unarmed Combat
  2994 | D:5      | Reached XP level 8. HP: 55/79 MP: 7/7
  3011 | D:5      | Identified the +3 buckler of Blue Skies {Will+}
  3124 | D:5      | Found Isuataen's Magic Scroll Shoppe.
  3141 | D:5      | Bought a scroll of torment for 82 gold pieces
  3141 | D:5      | Bought a scroll of identify for 22 gold pieces
  3141 | D:5      | Bought a scroll of teleportation for 33 gold pieces
  3611 | D:5      | Reached skill level 8 in Unarmed Combat
  3612 | D:5      | Reached skill level 5 in Fighting
  3612 | D:5      | Reached skill level 5 in Dodging
  3705 | D:5      | Noticed Sigmund
  3711 | D:5      | Killed Sigmund
  3711 | D:5      | Reached *** piety under Trog
  4201 | D:6      | Found a staircase to the Ecumenical Temple.
  4697 | D:7      | Reached XP level 9. HP: 88/88 MP: 8/8
  4709 | D:7      | Reached skill level 9 in Unarmed Combat
  4986 | D:7      | Found a hazy altar of Hepliaklqana.
  5328 | D:7      | Found a sacrificial altar of Ru.
  5328 | D:7      | Found a hide-covered altar of Uskayaw.
  5354 | D:8      | Found a glowing silver altar of Zin.
  5357 | D:8      | Found a glowing golden altar of the Shining One.
  5814 | D:8      | Reached skill level 10 in Unarmed Combat
  6106 | D:8      | Reached **** piety under Trog
  6401 | D:9      | Found a staircase to the Orcish Mines.
  6423 | D:9      | Reached XP level 10. HP: 88/100 MP: 9/9
  6840 | D:9      | Found a staircase to the Lair.
  6964 | D:9      | Reached skill level 11 in Unarmed Combat
  7329 | D:10     | Entered Level 10 of the Dungeon
  7352 | D:10     | Found a sparkling altar of Nemelex Xobeh.
  7401 | D:10     | Noticed Fannar
  7687 | D:10     | Killed Fannar
  7796 | D:10     | Noticed Grum
  7820 | D:10     | Killed Grum
  7887 | D:10     | Noticed a manticore
  7898 | D:10     | Killed a manticore
  8123 | D:10     | Found an opulent altar of Gozag.
  8136 | D:10     | Noticed Urug
  8154 | D:10     | Killed Urug
  8155 | D:10     | Reached skill level 12 in Unarmed Combat
  8428 | D:11     | Reached ***** piety under Trog
  8477 | D:11     | You fall into a shaft and drop 2 floors!
  8608 | D:11     | Reached XP level 11. HP: 105/109 MP: 10/10
  9057 | D:11     | Reached skill level 13 in Unarmed Combat
  9156 | D:11     | Noticed a two-headed ogre
  9158 | D:11     | Identified a scroll of acquirement
  9158 | D:11     | Acquired a scarf of resistance
  9163 | D:11     | Killed a two-headed ogre
  9196 | D:11     | HP: 1/111 [something (6)]
  9197 | D:11     | Slain by an unseen horror

Illustrated notes

Levels and vault maps discovered:
D:1:      minmay_arrival_loop, layout_rooms, kennysheep_small_spiral
D:2:      layout_loops_ring, hangedman_decor_riveting
D:3:      layout_basic, ebering_ecumenical_altar_sacrificial, uniq_terence
D:4:      layout_gridville, minmay_manual_moon
D:5:      layout_cave_pods, serial_shops, nicolae_shop_statue_plus,
          minmay_fractal_squares_gapless_5, uniq_menkaure, uniq_sigmund
D:6:      layout_basic, minmay_temple_entry_hall, grunt_ministairs_7
D:7:      layout_cave_pools, kennysheep_mini, amethyst_overflow_temple_binary,
          minivault_25, kennysheep_cross_room
D:8:      layout_loops_corners, chequers_temple_overflow_statue_of_worship
D:9:      layout_loops_corners, lair_entry_dummy, hiddenorc2_lemuel
D:10:     layout_cave_pools, nemelex_xobeh_ov_fountains_minmay,
          nicolae_gozag_cash_rules_everything_around_me, st_stairs_4, uniq_urug,
          uniq_grum, uniq_fannar
D:11:     layout_loops_corners
D:12:     layout_gridville, serial_ice, serial_ice_f, serial_ice_i,
          serial_ice_o, serial_ice_b, serial_ice_h, serial_ice_d, slow_altar_2
D:13:     layout_big_octagon, nicolae_trove_entry_free_sample,
          minmay_crystal_box

Skill      XL: |  1  2  3  4  5  6  7  8  9 10 11 |
---------------+----------------------------------+-----
Unarmed Combat | 4 5 6 7 8 10 12 13 | 13.2
Fighting       | 3 4 5 6 7 8 |  8.1
Dodging        | 3 4 5 6 7 8 |  8.1

Action                   |  1- 3 |  4- 6 |  7- 9 | 10-12 || total
-------------------------+-------+-------+-------+-------++-------
Melee: Unarmed           |    78 |    88 |   258 |   228 ||   652
       Long sword        |    15 |    25 |       |       ||    40
       Punch             |     1 |     2 |    13 |    15 ||    31
Invok: Berserk           |     1 |     2 |     5 |     8 ||    16
Evoke: Wand              |       |       |     3 |       ||     3
  Use: Potion            |       |     3 |       |     6 ||     9
       Scroll            |       |       |    14 |     3 ||    17
Armor: Animal skin       |    30 |    28 |    16 |       ||    74
       Skin              |       |    27 |       |     5 ||    32
       Robe              |       |       |    47 |    90 ||   137
Dodge: Dodged            |    38 |    54 |   126 |   124 ||   342
